 Dungeon Crawl Stone Soup version 0.17.1-1-g73c8601 (webtiles) character file.

125 abixa the Poker (level 5, 0/38 HPs)
             Began as a Human Skald on Jan 6, 2016.
             Slain by a hound (3 damage)
             ... on level 4 of the Dungeon.
             The game lasted 00:09:51 (3225 turns).

abixa the Poker (Human Skald)                       Turns: 3225, Time: 00:09:52

Health: 0/38       AC:  4    Str: 13    XL:     5   Next: 30%
Magic:  2/8        EV: 11    Int: 13    God:
Gold:   61         SH:  0    Dex: 12    Spells: 3 memorised, 3 levels left

rFire  . . .     SeeInvis .     a - +0 spear
rCold  . . .     Clarity  .     b - +0 leather armour
rNeg   . . .     SustAt   .     (no shield)
rPois  .         Gourm    .     (no helmet)
rElec  .         Spirit   .     u - +0 cloak
rCorr  +         Warding  .     (no gloves)
rMut   .         Stasis   .     (no boots)
MR     .....                    r - amulet of resist corrosion
Stlth  +.........               (no ring)
                                (no ring)

@: not resistant to hostile enchantments, very unstealthy
A: no striking features
a: no special abilities


You were on level 4 of the Dungeon.
You were hungry.

You visited 1 branch of the dungeon, and saw 4 of its levels.

You collected 61 gold pieces.

Inventory:

Hand Weapons
 a - a +0 spear (weapon)
Missiles
 g - 85 stones (quivered)
 x - 5 tomahawks
Armour
 b - a +0 leather armour (worn)
 u - a +0 cloak (worn)
 z - a +0 ring mail
Jewellery
 r - an amulet of resist corrosion (around neck)
Wands
 o - a wand of random effects (18)
Scrolls
 e - 2 scrolls of remove curse {unknown}
 f - 2 scrolls of magic mapping {unknown}
 j - a scroll of enchant armour {unknown}
 l - a scroll of fear {unknown}
 n - a scroll of enchant weapon {unknown}
 q - 3 scrolls of identify {unknown}
 s - a scroll of teleportation {unknown}
 v - 2 scrolls of immolation {unknown}
 y - a scroll of fog {unknown}
Potions
 h - a potion of lignification {unknown}
 i - 3 potions of curing {unknown}
 k - a potion of cancellation {unknown}
 p - a potion of agility {unknown}
Books
 c - a book of Battle

   Spells                             Type                      Level
   a - Infusion                       Charms                       1
   b - Shroud of Golubria             Charms/Translocation         2
   c - Song of Slaying                Charms                       2
   d - Spectral Weapon                Hexes/Charms                 3
   e - Regeneration                   Charms/Necromancy            3
Comestibles
 d - 4 bread rations
 m - a meat ration
 t - 2 beef jerkies
 w - a slice of pizza


   Skills:
 - Level 2.0 Fighting
 + Level 5.1 Polearms
 - Level 1.0 Armour
 - Level 1.0 Dodging
 - Level 2.0 Spellcasting
 - Level 3.0 Charms


You had 3 spell levels left.
You knew the following spells:

 Your Spells              Type           Power        Failure   Level  Hunger
a - Infusion              Chrm           #.....       12%         1    ##.....
b - Song of Slaying       Chrm           #.......     14%         2    ###....
c - Shroud of Golubria    Chrm/Tloc      #.........   28%         2    ###....


Dungeon Overview and Level Annotations

Branches:
Dungeon (4/15)
 Temple: D:4-7

Altars:
Dithmenos
Elyvilon
Trog
Xom
Zin

Annotations:
D:3 Anouleth's ghost, amateur HOFi


Message History

You barely miss the hound. The hound bites you but does no damage.
You hit the hound.
The hound is moderately wounded.
The hound bites you but does no damage.
You barely miss the hound.
The hound is moderately wounded.
The hound barely misses you. The hound bites you but does no damage.
You barely miss the hound.
The hound is moderately wounded.
The hound barely misses you.
You barely miss the hound.
The hound is moderately wounded.
The hound bites you.
* * * LOW HITPOINT WARNING * * *
You are feeling hungry.
You barely miss the hound.
The hound is moderately wounded.
You are no longer magically infusing your attacks.
The hound bites you.
You die...

#..§≈≈..#+ #.........
#......... #.........
#. #.........
+.######.......
...........#
+.......@..#
#.......h..#
##...>......#
#####.....###'#######
..........#..........
..........'..........
.......<..#####+##...
###+##.......# ..
+.......+


You could see a hound.

Vanquished Creatures
  A worker ant (D:4)
  3 adders
  A gnoll (D:1)
  An ooze (D:1)
  A worm (D:3)
  A giant gecko (D:2)
  2 orcs
  A ball python (D:1)
  5 bats
  6 giant cockroaches
  3 goblins (D:2)
  11 hobgoblins
  4 jackals
  2 kobolds (D:1)
  2 giant newts
  A quokka (D:2)
  5 rats
50 creatures vanquished.

Notes
Turn   | Place    | Note
--------------------------------------------------------------
     0 | D:1      | abixa the Human Skald began the quest for the Orb.
     0 | D:1      | Reached XP level 1. HP: 16/16 MP: 3/3
   163 | D:1      | Reached XP level 2. HP: 5/22 MP: 0/5
   280 | D:1      | Reached XP level 3. HP: 15/27 MP: 1/6
   772 | D:1      | Learned a level 2 spell: Song of Slaying
   775 | D:1      | Learned a level 2 spell: Shroud of Golubria
  1558 | D:2      | Reached skill level 4 in Polearms
  1558 | D:2      | Reached XP level 4. HP: 33/33 MP: 0/7
  1677 | D:2      | Found a white marble altar of Elyvilon.
  2054 | D:3      | Found a shadowy altar of Dithmenos.
  2054 | D:3      | Found a shimmering altar of Xom.
  2055 | D:3      | Found a glowing silver altar of Zin.
  2216 | D:3      | Noticed Anouleth's ghost (amateur HOFi)
  2443 | D:3      | Found a bloodstained altar of Trog.
  3186 | D:4      | Reached XP level 5. HP: 36/38 MP: 5/8
  3214 | D:4      | Reached skill level 5 in Polearms
  3225 | D:4      | Slain by a hound

Action                   |  1- 3 |  4- 6 || total
-------------------------+-------+-------++-------
Melee: Spear             |   127 |   128 ||   255
 Cast: Infusion          |    12 |    12 ||    24
       Shroud of Golubri |     1 |     3 ||     4
 Stab: Sleeping          |     1 |     1 ||     2
  Eat: Chunk             |     2 |     6 ||     8
